 Dungeon Crawl Stone Soup version 0.23.0 (webtiles) character file.

Game seed: 333473933879657207

70 MeBeSleepy the Skirmisher (level 4, -2/40 HPs)
             Began as a Hill Orc Berserker on Feb 8, 2019.
             Was a Believer of Trog.
             Slain by Grinder (4 damage)
             ... on level 3 of the Dungeon.
             The game lasted 00:18:31 (1549 turns).

MeBeSleepy the Skirmisher (Hill Orc Berserker)      Turns: 1549, Time: 00:18:31

Health: -2/40      AC:  9    Str: 20    XL:     4   Next: 21%
Magic:  4/4        EV:  8    Int:  7    God:    Trog [**....]
Gold:   156        SH:  0    Dex: 10    Spells: 3/3 levels left

rFire    . . .     SeeInvis .   a - +0 mace
rCold    + . .     Gourm    .   (no shield)
rNeg     . . .     Faith    .   s - +0 chain mail (curse)
rPois    .         Spirit   .   (no helmet)
rElec    .         Reflect  .   (no cloak)
rCorr    .         Harm     .   (no gloves)
MR       .....                  (no boots)
Stlth    ..........             (no amulet)
HPRegen  0.13/turn              q - ring of protection from cold
MPRegen  0.09/turn              (no ring)

@: lethally poisoned (-2 -> -3)
A: no striking features
a: Berserk, Trog's Hand, Renounce Religion


You were on level 3 of the Dungeon.
You worshipped Trog.
Trog was pleased with you.
You were not hungry.

You visited 1 branch of the dungeon, and saw 3 of its levels.

You collected 156 gold pieces.

Inventory:

Hand Weapons
 a - a +0 mace (weapon)
 e - a +0 dagger
 j - a +0 club
 l - a +0 hunting sling
 n - a +0 hand axe
 o - a +0 dagger
 r - a +0 whip
 v - a +0 short sword
Missiles
 d - 23 sling bullets
 w - 24 bolts
Armour
 b - a +0 animal skin
 f - a +0 ring mail
 h - a +0 leather armour
 i - a +0 leather armour
 m - a +0 leather armour
 s - a cursed +0 chain mail (worn)
 x - a +0 chain mail
Jewellery
 p - an uncursed ring of wizardry
 q - a ring of protection from cold (left hand)
Wands
 u - a wand of random effects (17)
Scrolls
 y - a scroll of remove curse
Potions
 k - 2 potions of curing {unknown}
 t - a potion of resistance {unknown}
Comestibles
 c - 3 rations


   Skills:
 + Level 4.3 Fighting
 + Level 4.3 Maces & Flails
 + Level 2.8 Armour
 + Level 2.0 Dodging


You had 3 spell levels left.
You didn't know any spells.
Your spell library was empty.

Dungeon Overview and Level Annotations

Branches:
Dungeon (3/15)

Altars:
Vehumet

Annotations:
D:3 Grinder


Message History

* * * LOW HITPOINT WARNING * * *
The kobold hits you but does no damage.
You hit the kobold.
The kobold is severely wounded.
You feel sick. The kobold hits you but does no damage.
The kobold hits you with a +0 whip.
* * * LOW HITPOINT WARNING * * *
You hit the kobold.
You kill the kobold!
Trog accepts your kill. The kobold hits you but does no damage.
You hit Grinder.
Grinder is lightly wounded.
Grinder hits you but does no damage. The kobold hits you but does no damage.
Grinder hits you but does no damage.
You closely miss Grinder.
Grinder is lightly wounded.
* * * LOW HITPOINT WARNING * * *
You feel sick. The kobold hits you but does no damage. Grinder hits you.
You die...

#... .. #..(..
#..#. # .... .#
#..##... #
#.....
#.###.###..##
#.....†@5..(#
#..########K...#
#.. ##...# #..
#######...# #..
..........# #.#
#######.#.# #.#
#.#.# #.#
####.#.# #<#
####.##.#.##...


You could see Grinder and a kobold.

Vanquished Creatures
  2 adders
  An ooze (D:2)
  3 worms
  A leopard gecko (D:3)
  An orc (D:3)
  7 bats
  A giant cockroach (D:1)
  4 goblins
  A hobgoblin (D:1)
  6 kobolds
  A quokka (D:2)
  2 ball pythons (D:2)
  2 frilled lizards (D:2)
  9 rats
41 creatures vanquished.

Notes
Turn   | Place    | Note
-------+----------+-------------------------------------------
     0 | D:1      | MeBeSleepy the Hill Orc Berserker began the quest for the
                  | Orb.
     0 | D:1      | Reached XP level 1. HP: 19/19 MP: 1/1
   175 | D:1      | Reached XP level 2. HP: 19/27 MP: 2/2
   796 | D:2      | Reached XP level 3. HP: 28/33 MP: 3/3
  1086 | D:2      | Reached ** piety under Trog
  1104 | D:2      | Found a radiant altar of Vehumet.
  1520 | D:3      | Noticed Grinder
  1536 | D:3      | Reached XP level 4. HP: 15/40 MP: 4/4
  1546 | D:3      | HP: 2/40 [kobold/+0 whip (2)]
  1549 | D:3      | Slain by Grinder

Skill      XL: |  1  2  3 |
---------------+----------+-----
Fighting       | 4 |  4.3
Maces & Flails | 4 |  4.3
Dodging        | 2 |  2.0
Armour         | |  2.8

Action                   |  1- 3 |  4- 6 || total
-------------------------+-------+-------++-------
Melee: Mace              |   110 |    13 ||   123
Evoke: Wand              |     1 |       ||     1
  Use: Scroll            |     5 |       ||     5
       Potion            |     1 |       ||     1
  Eat: Ration            |     1 |       ||     1
Armor: Leather armour    |    15 |       ||    15
       Chain mail        |    45 |    13 ||    58
Dodge: Dodged            |    83 |    11 ||    94
